[Event "Late-Titled-Tuesday-Blitz-September-12-2023"]
[Site "Chess.com"]
[Date "2023.09.12"]
[Round "2"]
[White "HalfIsCrayfish"]
[Black "Bigfish1995"]
[Result "0-1"]
[WhiteElo "2554"]
[BlackElo "3048"]
[TimeControl "180+1"]
[EndTime "14:16:18 PDT"]
[Termination "Bigfish1995 won by resignation"]

1. d4 h6 2. c4 e6 3. Nc3 d5 4. e3 Nf6 5. Nf3 c5 6. Be2 Nc6 7. cxd5 exd5 8. O-O Be6 9. b3 Rc8 10.
Bb2 Be7 11. dxc5 Bxc5 12. Rc1 Qe7 13. Na4 Bd6 14. Nd4 O-O 15. Nxe6 fxe6 16. f4 e5 17. fxe5 Bxe5 18. Bxe5 Qxe5 19. Rf3 d4 20. Rc5 Qd6 21. Bc4+ Kh8 22. Rcf5 Ne5 23. Nb2 Nxf3+ 24. Rxf3 Rfd8 25. Qe2 Ng4 26. e4 Qxh2+ 0-1

[Event "Late-Titled-Tuesday-Blitz-September-12-2023"]
[Site "Chess.com"]
[Date "2023.09.12"]
[Round "2"]
[White "zajka-molotok"]
[Black "dretch"]
[Result "0-1"]
[WhiteElo "2513"]
[BlackElo "2858"]
[TimeControl "180+1"]
[EndTime "14:16:21 PDT"]
[Termination "dretch won by resignation"]

1. e4 e6 2. d4 d5 3. e5 c5 4. c3 Nc6 5. Nf3 Bd7 6. Be2 f6 7.
O-O Qc7 8. c4 dxc4 9. Bxc4 cxd4 10. exf6 Nxf6 11. Nxd4 Nxd4 12. Qxd4 Bd6 13. h3 O-O 14.
Nc3 Kh8 15. Nb5 Bxb5 16. Bxb5 Bc5 17. Qh4 Qe5 18. Bd3 Rad8 19. Bf4 Qxb2 20. Bc4 Rd4 21. Bxe6 Nd5 22. Bxd5 Rdxf4 23. Qh5 Rxf2 24. Kh2 Bd6+ 25. Kg1 Rxf1+ 26. Rxf1 Qb6+ 0-1

[Event "Late-Titled-Tuesday-Blitz-September-12-2023"]
[Site "Chess.com"]
[Date "2023.09.12"]
[Round "2"]
[White "ChEsper99"]
[Black "JoseRemolar"]
[Result "0-1"]
[WhiteElo "2231"]
[BlackElo "2489"]
[TimeControl "180+1"]
[EndTime "14:16:21 PDT"]
[Termination "JoseRemolar won by resignation"]

1. e4 c5 2. Nf3 d6 3. Bb5+ Nd7 4. a4 a6 5. Be2 Ngf6 6. Nc3 e6 7. d4 cxd4 8. Qxd4 Be7 9. O-O O-O 10. Rd1 Qc7 11. Nd2 b6 12. Nc4 e5 13. Qe3 Bb7 14. b3 Nc5 15. f3 Rad8 16. Ba3 Rfe8 17. a5 b5 18. Nb6 Ne6 19. Ncd5 Nxd5 20. exd5 Nd4 21.
c4 Nc2 22. Qe4 Nxa3 23. Rxa3 Qc5+ 0-1

[Event "Late-Titled-Tuesday-Blitz-September-12-2023"]
[Site "Chess.com"]
[Date "2023.09.12"]
[Round "2"]
[White "djano"]
[Black "KamlaPasand"]
[Result "1-0"]
[WhiteElo "2661"]
[BlackElo "2295"]
[TimeControl "180+1"]
[EndTime "14:16:23 PDT"]
[Termination "djano won by checkmate"]

1. e4 e5 2. Nf3 Nc6 3. d4 exd4 4. Nxd4 Bc5 5. Nb3 Bb6 6. Nc3 Nf6 7. Bg5 h6 8. Bh4 d6 9. Qe2 g5 10. Bg3 Be6 11. O-O-O a5 12. Nd5 a4 13. Nd2 Nd4 14.
Qe1 Bc5 15. Nf3 Nxf3 16. gxf3 a3 17. b3 Nxd5 18. exd5 Qf6 19. c3 Bb4 20. dxe6 Bxc3 21. exf7+ Kf8 22. Qe2 Kxf7 23. Qc4+ Kg7 24. Qxc7+ Kg6 25.
Bd3+ Kh5 26. h4 g4 27. fxg4+ Kxg4 28. Be2+ Kf5 29. Qd7+ Kg6 30. h5+ Kg5 31. f4+ Qxf4+ 32. Bxf4+ Kxf4 33. Rdf1+ Ke3 34. Qb5 Bd2+ 35. Kd1 Rac8 36.
Qd3# 1-0

[Event "Late-Titled-Tuesday-Blitz-September-12-2023"]
[Site "Chess.com"]
[Date "2023.09.12"]
[Round "2"]
[White "IMSlavin"]
[Black "seramoral"]
[Result "1/2-1/2"]
[WhiteElo "2222"]
[BlackElo "2618"]
[TimeControl "180+1"]
[EndTime "14:16:23 PDT"]
[Termination "Game drawn by agreement"]

1. e4 c5 2. g3 d5 3. exd5 Qxd5 4. Qf3 Qxf3 5. Nxf3 Nc6 6. a3 Nf6 7. Nc3 Bg4 8. Bg2 O-O-O 9. d3 h6 10. h3 Bxf3 11.
Bxf3 Nd4 12. Bd1 e6 13. Ne2 Kb8 14. Nxd4 cxd4 15. O-O Bd6 16. Re1 Rc8 17. Kg2 Rc7 18.
Bd2 Rhc8 19. c4 dxc3 20. bxc3 Rxc3 21. Bxc3 Rxc3 22. a4 Rxd3 23. Bf3 b6 24. Red1 Rxd1 25. Rxd1 Kc7 26. Kf1 Bc5 27. Ke2 Nd7 28. Bh5 g6 29. Bf3 Bd6 30. Rc1+ Nc5 31. Rc4 Kd7 32. Bg2 h5 33. Ba8 a5 34. Bg2 Na6 35. Bc6+ Ke7 36. Bb5 Nc5 37. Rc2 1/2-1/2

[Event "Late-Titled-Tuesday-Blitz-September-12-2023"]
[Site "Chess.com"]
[Date "2023.09.12"]
[Round "2"]
[White "Sacbutt"]
[Black "MightyGMpretender"]
[Result "0-1"]
[WhiteElo "2368"]
[BlackElo "2729"]
[TimeControl "180+1"]
[EndTime "14:16:24 PDT"]
[Termination "MightyGMpretender won by resignation"]

1. d4 Nf6 2. c4 e6 3. Nf3 d5 4.
Nc3 Ne4 5. Nxe4 dxe4 6. Nd2 Qxd4 7. e3 Qe5 8. f4 exf3 9. Nxf3 Bb4+ 10. Kf2 Qf6 11. e4 Bc5+ 12. Ke1 Nc6 13. Bg5 Qg6 14. h4 h6 15. Bd2 Qg3+ 16. Ke2 O-O 17. Be3 Bxe3 18. Kxe3 e5 19. Qe1 Qf4+ 20. Kf2 Nd4 21.
Bd3 Bg4 22. Qe3 Qxe3+ 23. Kxe3 Bxf3 24. gxf3 Ne6 25. Rhg1 Rfd8 26. Rac1 c5 27. a3 a5 28. Rc2 h5 29. Be2 Rd4 30. b3 Rad8 31. Rgc1 Nf4 32. Kf2 g6 33. Bf1 Kg7 34. Be2 Rd2 35. Ke1 R2d6 36. Kf2 Rb6 37. Rc3 Rd2 38. R1c2 Rxc2 39.
Rxc2 Rxb3 40. Bd1 Rxa3 41. Be2 Rb3 42. Ra2 a4 43. Bf1 a3 44. Kg3 b6 45. Bh3 Nxh3 46. Kxh3 Rxf3+ 47. Kg2 Rc3 0-1

[Event "Late-Titled-Tuesday-Blitz-September-12-2023"]
[Site "Chess.com"]
[Date "2023.09.12"]
[Round "2"]
[White "GarayevKanan"]
[Black "a-z30"]
[Result "1-0"]
[WhiteElo "2720"]
[BlackElo "2405"]
[TimeControl "180+1"]
[EndTime "14:16:24 PDT"]
[Termination "GarayevKanan won by checkmate"]

1. d4 Nf6 2. c4 e6 3. g3 d5 4. Bg2 c5 5. cxd5 exd5 6. Nf3 Nc6 7. O-O Be7 8. dxc5 Bxc5 9. a3 O-O 10. b4 Be7 11. Bb2 Ne4 12. Nc3 Bf6 13. Rc1 Be6 14.
Na4 Bxb2 15. Nxb2 Qf6 16. Na4 Rac8 17. Nd2 Rfd8 18. Nb3 b5 19. Nac5 Nc3 20. Qd2 d4 21. Bxc6 Rxc6 22. Nxd4 Nxe2+ 23. Qxe2 Rxd4 24. Qxb5 Rcd6 25. Qe8# 1-0

[Event "Late-Titled-Tuesday-Blitz-September-12-2023"]
[Site "Chess.com"]
[Date "2023.09.12"]
[Round "2"]
[White "FuenfgegenWilly"]
[Black "zimmm36"]
[Result "0-1"]
[WhiteElo "2378"]
[BlackElo "2647"]
[TimeControl "180+1"]
[EndTime "14:16:24 PDT"]
[Termination "zimmm36 won by resignation"]

1. Nf3 e6 2. e3 d5 3. c4 c5 4.
cxd5 exd5 5. d4 Nf6 6. Bb5+ Bd7 7. Bxd7+ Qxd7 8. dxc5 Bxc5 9. a3 Nc6 10. b4 Bb6 11. Bb2 Ne4 12. O-O O-O 13. Nc3 Rad8 14. Ne2 Bc7 15.
Ned4 Ne7 16. Rc1 Bb8 17. Nb3 Ng6 18. Qd4 f6 19. Rfd1 Qd6 20. Nc5 Nh4 21. Kf1 Nxf3 22.
gxf3 Nxc5 23. Qxc5 Qxh2 24. Rxd5 Rxd5 25. Qxd5+ Kh8 26. Ke2 Qd6 27. Qxd6 Bxd6 28. Bd4 Kg8 29. Bxa7 Ra8 30. Bc5 Bxc5 31. Rxc5 Rxa3 32. Rc7 Ra1 33. Rxb7 Rb1 34. b5 h5 35. f4 h4 36. Kf3 Rg1 37.
b6 h3 38. Rb8+ Kh7 39. b7 h2 40. Rh8+ Kxh8 41. b8=Q+ Kh7 0-1

[Event "Late-Titled-Tuesday-Blitz-September-12-2023"]
[Site "Chess.com"]
[Date "2023.09.12"]
[Round "2"]
[White "Polish_fighter3000"]
[Black "Aslanov_Umid"]
[Result "1-0"]
[WhiteElo "3088"]
[BlackElo "2566"]
[TimeControl "180+1"]
[EndTime "14:16:25 PDT"]
[Termination "Polish_fighter3000 won on time"]

1. c4 e6 2. g3 d5 3. Bg2 Nf6 4. Nf3 dxc4 5. Qa4+ Bd7 6. Qxc4 c5 7. Ne5 Qc8 8. Qd3 Nc6 9. Nxd7 Nxd7 10. Nc3 Be7 11. Qb5 a6 12. Qa4 O-O 13. Bxc6 bxc6 14. b3 Rb8 15. Ba3 Bf6 16. Qe4 Rd8 17. Rc1 c4 18. Qxc4 Ne5 19. Qe4 Rd4 20. Qc2 c5 21. Ne4 c4 22. Nxf6+ gxf6 23. Bb2 Qc6 24. O-O cxb3 25.
Qxc6 Nxc6 26. Rxc6 Rxd2 27. Bxf6 bxa2 28. Be5 Ra8 29.
e3 h5 30. Rfc1 Kh7 31. Kg2 a5 32. R1c2 Rd5 33. Ba1 h4 34. Rxa2 hxg3 35. hxg3 Kg6 36.
Rc4 Rh5 37. Rg4+ Kf5 38. Rga4 Kg6 39. Rg4+ Kf5 40. Rg7 f6 41. g4+ 1-0

[Event "Late-Titled-Tuesday-Blitz-September-12-2023"]
[Site "Chess.com"]
[Date "2023.09.12"]
[Round "2"]
[White "RichardLeyvaP"]
[Black "nevermind242"]
[Result "1-0"]
[WhiteElo "2615"]
[BlackElo "2364"]
[TimeControl "180+1"]
[EndTime "14:16:28 PDT"]
[Termination "RichardLeyvaP won by resignation"]

1. e4 e6 2. d4 d5 3. Nc3 Nc6 4. Nf3 Nf6 5. e5 Ne4 6. Bd3 Bb4 7. O-O Nxc3 8. bxc3 Bxc3 9. Rb1 h6 10. Be3 b6 11.
Rb3 Ba5 12. c3 Bd7 13. Nd2 a6 14. Qh5 Qe7 15. f4 Na7 16. f5 Bb5 17. fxe6 Bxd3 18. Rxf7 Qxe6 19. Rf6+ Ke7 20. Rxe6+ Kxe6 21. Qg4+ Bf5 22. Qxg7 Raf8 23. Qxc7 Nc8 24. Qc6+ Ke7 25. Qxd5 Be6 26. Qb7+ Kd8 27. d5 Rf7 28. Qc6 Bd7 29. Qg6 Rhf8 30. Bxh6 Bf5 31. Qg5+ Ne7 32. Bxf8 1-0

[Event "Late-Titled-Tuesday-Blitz-September-12-2023"]
[Site "Chess.com"]
[Date "2023.09.12"]
[Round "2"]
[White "ManuMunoz01"]
[Black "Mackster23"]
[Result "0-1"]
[WhiteElo "2252"]
[BlackElo "2545"]
[TimeControl "180+1"]
[EndTime "14:16:29 PDT"]
[Termination "Mackster23 won by resignation"]

1. e4 c5 2. Nf3 e6 3. d4 cxd4 4. Nxd4 Nc6 5. Nb5 d6 6. c4 a6 7. N5c3 Nf6 8. Be3 Be7 9. Nd2 O-O 10. Be2 d5 11. cxd5 exd5 12. exd5 Nxd5 13. Nxd5 Qxd5 14. Bf3 Qb5 15. Qb3 Be6 16. Qxb5 axb5 17. O-O Bf6 18.
a3 Ra5 19. Nb3 Bxb3 20. Rac1 Bc4 21. Rfd1 Bxb2 22. Rb1 Bxa3 23. Rd7 Ne5 24. Rxb7 Nxf3+ 25. gxf3 b4 26. Bd4 Bd5 27. Rd7 Bxf3 28. Rb3 Rd5 0-1

[Event "Late-Titled-Tuesday-Blitz-September-12-2023"]
[Site "Chess.com"]
[Date "2023.09.12"]
[Round "2"]
[White "TERMINATOR_PC"]
[Black "Qvalda"]
[Result "1-0"]
[WhiteElo "2538"]
[BlackElo "2324"]
[TimeControl "180+1"]
[EndTime "14:16:29 PDT"]
[Termination "TERMINATOR_PC won on time"]

1. e4 e6 2. d4 d5 3. Nc3 Be7 4. Nf3 Nf6 5. exd5 exd5 6. Bd3 Bg4 7. h3 Bh5 8. Be3 O-O 9. g4 Bg6 10. Ne5 c5 11. Bxg6 fxg6 12. dxc5 Nc6 13. Nxc6 bxc6 14.
Qd2 Rb8 15. b3 Qa5 16. Na4 Qa6 17. Qd3 Qa5+ 18. Bd2 Qc7 19. Be3 Ne4 20. O-O Rf3 21. Kg2 Rg3+ 22. fxg3 Qxg3+ 23. Kh1 Qxh3+ 24. Kg1 Qxg4+ 25. Kh2 Qh4+ 26. Kg2 Qg3+ 27. Kh1 Rb4 28. Bg1 Qh4+ 29. Kg2 Ng5 30. Bh2 Rg4+ 31. Kh1 Rg3 32. Qxg3 Qe4+ 33.
Qg2 Qh4 34. Rae1 1-0

[Event "Late-Titled-Tuesday-Blitz-September-12-2023"]
[Site "Chess.com"]
[Date "2023.09.12"]
[Round "2"]
[White "guillembaches"]
[Black "h4parah5"]
[Result "0-1"]
[WhiteElo "2533"]
[BlackElo "2941"]
[TimeControl "180+1"]
[EndTime "14:16:30 PDT"]
[Termination "h4parah5 won on time"]

1. e4 c5 2. Nf3 Nc6 3. d4 cxd4 4.
Nxd4 Nf6 5. Nc3 h5 6. f3 e5 7.
Nb3 Bb4 8. Bd2 Bxc3 9. Bxc3 d5 10. Bd3 dxe4 11. Bxe4 Nxe4 12. Qxd8+ Kxd8 13. fxe4 f6 14. O-O-O+ Kc7 15. Nc5 h4 16. Rd2 b6 17. Nd3 a5 18. a4 Bb7 19. Rhd1 Rad8 20. Nf2 Rxd2 21.
Rxd2 Bc8 22. b3 Rh5 23. Rd3 Ba6 24. Rd2 Rg5 25. Nd3 Bb7 26. Re2 Nd8 27. h3 Nf7 28. Bd2 Rg6 29. b4 axb4 30. Bxb4 Ng5 31. Nf2 Ne6 32.
Ng4 Nd4 33. Re3 Bc8 34. c3 Nc6 0-1

[Event "Late-Titled-Tuesday-Blitz-September-12-2023"]
[Site "Chess.com"]
[Date "2023.09.12"]
[Round "2"]
[White "Cambek64"]
[Black "trriinu"]
[Result "1-0"]
[WhiteElo "2475"]
[BlackElo "2216"]
[TimeControl "180+1"]
[EndTime "14:16:30 PDT"]
[Termination "Cambek64 won on time"]

1. e4 d5 2. Nc3 d4 3. Nce2 e5 4. Ng3 c5 5. Nf3 Nc6 6. Bb5 Bd6 7. Bxc6+ bxc6 8. d3 h6 9. O-O Be6 10. b3 Qd7 11. h3 Ne7 12. Nh2 O-O 13. Bd2 Ng6 14. Qh5 Nf4 15. Bxf4 exf4 16. Ne2 f5 17. exf5 Rxf5 18. Qf3 Bd5 19. Qg4 h5 20. Qf3 Bxf3 21.
Nxf3 Re8 22. Rfe1 g5 23. Kf1 g4 24. Nh4 Rg5 25. Ng1 g3 26. Ngf3 Rxe1+ 27. Rxe1 gxf2 28. Kxf2 Rg3 29. Re4 Be7 30. Rxf4 Bxh4 31. Nxh4 Re3 32. Nf5 Qc7 33. g3 1-0

[Event "Late-Titled-Tuesday-Blitz-September-12-2023"]
[Site "Chess.com"]
[Date "2023.09.12"]
[Round "2"]
[White "Oleksandr_Bortnyk"]
[Black "ValeriyGrinev"]
[Result "1-0"]
[WhiteElo "3013"]
[BlackElo "2542"]
[TimeControl "180+1"]
[EndTime "14:16:31 PDT"]
[Termination "Oleksandr_Bortnyk won by resignation"]

1. d4 Nf6 2. Nc3 d5 3. Bf4 c5 4.
e4 Nxe4 5. Nxe4 dxe4 6. dxc5 Qa5+ 7. c3 Qxc5 8. Qa4+ Nc6 9. Qxe4 Bf5 10. Qa4 e5 11. Be3 Qa5 12. Qxa5 Nxa5 13. O-O-O Nc6 14. Bb5 Be7 15. f4 exf4 16. Bxf4 Rd8 17. Rxd8+ Bxd8 18.
Nf3 O-O 19. Re1 Bb6 20. h3 Be6 21. a4 a6 22. Bxc6 bxc6 23. g4 Rd8 24. Be3 Bxe3+ 25. Rxe3 Bb3 26. Nd2 Be6 27. b4 Kf8 28. a5 Bd5 29. c4 Be6 30. Kc2 g5 31. Kc3 Re8 32.
Nf3 h6 33. Ne5 Rc8 34. Kd4 c5+ 35. bxc5 Rd8+ 36. Kc3 Rc8 37. c6 Ke7 38. Kb4 Kd6 39. c5+ Kc7 40. Nxf7 Rb8+ 41. Ka4 Bxf7 42. Re7+ Kxc6 43.
Rxf7 Kxc5 44. Rc7+ Kd5 45. Ra7 h5 46. Rxa6 hxg4 47.
hxg4 Ke5 48. Rb6 Ra8 49. a6 Kf4 50. Rb4+ Ke5 51. Ka5 Kd6 52. Rc4 Kd5 53. Rc1 Kd6 54. Rc2 Rb8 55. a7 Rb3 56. Ra2 1-0

[Event "Late-Titled-Tuesday-Blitz-September-12-2023"]
[Site "Chess.com"]
[Date "2023.09.12"]
[Round "2"]
[White "Sinquefield"]
[Black "Mariia89"]
[Result "1-0"]
[WhiteElo "2432"]
[BlackElo "2012"]
[TimeControl "180+1"]
[EndTime "14:16:31 PDT"]
[Termination "Sinquefield won by checkmate"]

1. e4 c6 2. d4 d5 3. exd5 cxd5 4.
Bd3 Nf6 5. c3 Bg4 6. Qb3 Qc7 7. h3 Bd7 8. Ne2 Nc6 9. Bf4 Qc8 10.
Nd2 e6 11. Nf3 Be7 12. O-O O-O 13. Rac1 a6 14. Ng3 b5 15. a3 Na5 16. Qc2 Nc4 17.
Ne5 Bc6 18. Qe2 Bb7 19. Nh5 Ne4 20. Qg4 g6 21. Ng3 Nxg3 22. Qxg3 Nxe5 23. Bxe5 Re8 24.
h4 Bf8 25. h5 Bg7 26. Rce1 Qd7 27. Re3 a5 28. Rfe1 Bc8 29. Bxg7 Kxg7 30. h6+ Kxh6 31.
Qe5 g5 32. Rh3# 1-0

[Event "Late-Titled-Tuesday-Blitz-September-12-2023"]
[Site "Chess.com"]
[Date "2023.09.12"]
[Round "2"]
[White "DishonorOnYourCow"]
[Black "Veleamater"]
[Result "0-1"]
[WhiteElo "2494"]
[BlackElo "2313"]
[TimeControl "180+1"]
[EndTime "14:16:33 PDT"]
[Termination "Veleamater won by resignation"]

1. d4 d6 2. c4 g6 3. Nc3 Bg7 4. e4 Nf6 5. f4 O-O 6. Nf3 c5 7.
d5 e6 8. dxe6 fxe6 9. Bd3 d5 10.
cxd5 exd5 11. Nxd5 Nxd5 12. Bc4 Kh8 13. Bxd5 Qa5+ 14.
Bd2 Qa6 15. Qc2 Nc6 16. Bc4 Qb6 17. Bc3 Nd4 18. Bxd4 cxd4 19. Ng5 h6 20. Nf7+ Kh7 21.
e5 Bf5 22. Qe2 d3 23. Qd2 Qd4 24. Rc1 Qe4+ 25. Kf1 Rxf7 26. Bxf7 Rf8 27. Bc4 Bg4 28. h3 Rxf4+ 29. Kg1 Qd4+ 30. Kh2 Bxe5 31. Rhe1 Rf2+ 32. Rxe5 Qxe5+ 33. Kg1 Rxd2 34. hxg4 Qe3+ 35. Kh1 Re2 0-1

[Event "Late-Titled-Tuesday-Blitz-September-12-2023"]
[Site "Chess.com"]
[Date "2023.09.12"]
[Round "2"]
[White "SpeedofLight0"]
[Black "GlavkonVVS"]
[Result "1-0"]
[WhiteElo "3102"]
[BlackElo "2579"]
[TimeControl "180+1"]
[EndTime "14:16:35 PDT"]
[Termination "SpeedofLight0 won by resignation"]

1. Nf3 Nf6 2. c4 c5 3. Nc3 Nc6 4. g3 g6 5. Bg2 Bg7 6. d3 d6 7. Qd2 a6 8. b3 Rb8 9. Bb2 b5 10. O-O O-O 11. e3 bxc4 12. dxc4 Bg4 13. h3 Bxf3 14.
Bxf3 Ne5 15. Bg2 Nh5 16. g4 Nf6 17. f4 Nexg4 18. hxg4 Nxg4 19. Bf3 Nxe3 20. Rfe1 Nf5 21. Bg4 Nd4 22. Ne2 e5 23. Bxd4 cxd4 24. Kg2 f5 25. Bh3 Qb6 26. Rad1 a5 27. Kh2 a4 28. bxa4 Qc6 29.
Rc1 Qxa4 30. Bg2 Qa3 31. Rb1 d3 32. Bd5+ Kh8 33. Qc3 Qxc3 34. Nxc3 e4 35. Nb5 Rb6 36.
Kg3 g5 37. fxg5 Be5+ 38. Kf2 Ra6 39. a3 Rb8 40. Rh1 Kg7 41. Rh3 f4 42. Bxe4 Rh8 43. Bxd3 1-0

[Event "Late-Titled-Tuesday-Blitz-September-12-2023"]
[Site "Chess.com"]
[Date "2023.09.12"]
[Round "2"]
[White "Chessdreamer2020"]
[Black "Zhigalko_Sergei"]
[Result "0-1"]
[WhiteElo "2515"]
[BlackElo "2879"]
[TimeControl "180+1"]
[EndTime "14:16:41 PDT"]
[Termination "Zhigalko_Sergei won by resignation"]

1. e4 c5 2. Nf3 Nc6 3. Bb5 Nf6 4. Nc3 Qc7 5. O-O Nd4 6. Bc4 e6 7. Re1 a6 8. a4 d6 9. d3 Be7 10. Nxd4 cxd4 11. Ne2 Nxe4 12. dxe4 Qxc4 13. Qxd4 Qxd4 14. Nxd4 Bd7 15. c3 O-O 16. Be3 Rfc8 17. Red1 Rc4 18. a5 Rac8 19. f3 h5 20. Kf2 g5 21.
h3 g4 22. hxg4 hxg4 23. fxg4 Kg7 24. Kf3 Rg8 25. Rh1 Kf8 26. Rh7 e5 27. Nf5 Bc6 28.
Ng3 d5 29. Bh6+ Ke8 30. Re1 dxe4+ 31. Nxe4 Rg6 32. Rh8+ Kd7 33. Bd2 Rf6+ 34. Kg3 Rxe4 35. Bg5 Rxe1 36. Bxf6 Bxf6 0-1

[Event "Late-Titled-Tuesday-Blitz-September-12-2023"]
[Site "Chess.com"]
[Date "2023.09.12"]
[Round "2"]
[White "PapaieDudu"]
[Black "rdarruda"]
[Result "0-1"]
[WhiteElo "2293"]
[BlackElo "2515"]
[TimeControl "180+1"]
[EndTime "14:16:41 PDT"]
[Termination "rdarruda won by resignation"]

1. e4 c5 2. Nf3 Nc6 3. d4 cxd4 4.
Nxd4 e5 5. Nb3 Nf6 6. Nc3 Bb4 7. Bd3 d5 8. exd5 Nxd5 9. Bd2 Nxc3 10. bxc3 Be7 11.
Qh5 h6 12. O-O-O Be6 13. f4 Qc7 14. Rhe1 g6 15. Bxg6 fxg6 16. Qxg6+ Bf7 17. Qg7 Rg8 18. Qh7 O-O-O 19. fxe5 Be6 20. Qxh6 Bf5 21. Kb2 Rxg2 22. Rf1 Bg6 23. Qe3 Kb8 24. Qf3 Rxh2 25. Qg3 Rhxd2 26. Rxd2 Rxd2 27. Nxd2 Nxe5 28. Re1 Nd3+ 29. cxd3 Qxg3 30. Rxe7 Qxd3 31. Nb3 b6 32. Nd4 Be4 33. Nc6+ Bxc6 0-1

[Event "Late-Titled-Tuesday-Blitz-September-12-2023"]
[Site "Chess.com"]
[Date "2023.09.12"]
[Round "2"]
[White "HrvojeZagreb"]
[Black "only_strong_moves"]
[Result "0-1"]
[WhiteElo "2275"]
[BlackElo "2508"]
[TimeControl "180+1"]
[EndTime "14:16:41 PDT"]
[Termination "only_strong_moves won by checkmate"]

1. f4 d5 2. b3 c5 3. Bb2 Nc6 4.
Nf3 Nh6 5. e3 f6 6. Bb5 Nf7 7.
Bxc6+ bxc6 8. d3 Qd6 9. O-O Bg4 10. Qe1 Bxf3 11. Rxf3 g5 12. Nd2 gxf4 13. exf4 e6 14. Bxf6 Rg8 15. Rg3 Rxg3 16. Qxg3 Nh6 17. Be5 Qd7 18.
Nf3 Nf5 19. Qg4 O-O-O 20. Nh4 Ne3 21. Qe2 d4 22. c3 Bg7 23. cxd4 cxd4 24. Nf3 Bxe5 25.
Nxe5 Qd5 26. Rc1 Rg8 27. g3 h5 28. Nxc6 Kd7 29. Ne5+ Kd8 30. Qf3 h4 31. Qxd5+ Nxd5 32. Kf2 hxg3+ 33. hxg3 Ke7 34. Nc6+ Kf6 35. Nxd4 Nb4 36.
Ke3 Rxg3+ 37. Ke4 Nxd3 38. Rc6 Nf2# 0-1

[Event "Late-Titled-Tuesday-Blitz-September-12-2023"]
[Site "Chess.com"]
[Date "2023.09.12"]
[Round "2"]
[White "Francisco_Ferrari"]
[Black "newyorkmouse"]
[Result "1-0"]
[WhiteElo "2232"]
[BlackElo "2459"]
[TimeControl "180+1"]
[EndTime "14:16:41 PDT"]
[Termination "Francisco_Ferrari won on time"]

1. e4 c6 2. d4 Na6 3. Nh3 Nc7 4. Nc3 d5 5. Nf4 dxe4 6. Nxe4 Nf6 7. Nxf6+ exf6 8. c3 Bd6 9. Bd3 Qe7+ 10. Qe2 Qxe2+ 11. Kxe2 O-O 12. f3 Bd7 13. Bd2 Ne6 14. Nh5 Nc7 15.
Rae1 c5 16. Bh6 Rfe8+ 17. Kd2 Bf8 18. dxc5 gxh6 19. Nxf6+ Kg7 20. Nxd7 Rad8 21. Nxf8 Rxf8 22. Kc2 Ne6 23. b4 Nf4 24. Be4 Rd7 25. Rd1 Re7 26. g3 Ne6 27. Rhe1 Rfe8 28. Bd5 Nd4+ 29. Kd2 1-0

[Event "Late-Titled-Tuesday-Blitz-September-12-2023"]
[Site "Chess.com"]
[Date "2023.09.12"]
[Round "2"]
[White "C_K_G"]
[Black "Roberz12"]
[Result "0-1"]
[WhiteElo "2031"]
[BlackElo "2433"]
[TimeControl "180+1"]
[EndTime "14:16:43 PDT"]
[Termination "Roberz12 won on time"]

1. e4 e6 2. Nf3 c5 3. Nc3 Nc6 4.
d4 cxd4 5. Nxd4 Nf6 6. Be3 Bb4 7. Bd3 d5 8. Nxc6 bxc6 9. e5 Nd7 10. f4 c5 11. Bd2 c4 12. Be2 Bc5 13. Bf3 Rb8 14. Rb1 a6 15. Qe2 O-O 16. g3 f5 17. Nxd5 exd5 18.
Bxd5+ Kh8 19. Bxc4 Nb6 20. Bd3 Bb7 21. Rf1 Na4 22.
b3 Nb6 23. Be3 Bb4+ 24. Kd1 Nd5 25. Bd2 Qa5 26. a4 Bxd2 27. Qxd2 Nc3+ 28. Kc1 Qb4 29. Ra1 Be4 30. Bxe4 fxe4 31. Qd6 Ne2+ 32. Kb1 Qc3 33. Rd1 Rxb3+ 0-1

[Event "Late-Titled-Tuesday-Blitz-September-12-2023"]
[Site "Chess.com"]
[Date "2023.09.12"]
[Round "2"]
[White "KaydenTroffChess"]
[Black "MusicCityMaster"]
[Result "1-0"]
[WhiteElo "2744"]
[BlackElo "2375"]
[TimeControl "180+1"]
[EndTime "14:16:44 PDT"]
[Termination "KaydenTroffChess won on time"]

1. d4 Nf6 2. c4 c5 3. d5 b5 4. cxb5 a6 5. b6 e6 6. Nc3 Nxd5 7.
Nxd5 exd5 8. Qxd5 Nc6 9. Nf3 Rb8 10. e4 Be7 11. Bc4 O-O 12. a3 Rxb6 13. O-O Na5 14. Ba2 Bb7 15. Qf5 Rf6 16. Qe5 Bd6 17. Qh5 Bxe4 18.
Bg5 Bxf3 19. Qxf3 Rxf3 20. Bxd8 Rxd8 21. gxf3 Be5 22. Rab1 Nc6 23. b4 cxb4 24. axb4 Nd4 25. Kg2 Ne2 26. Rfe1 Nf4+ 27. Kh1 d6 28. Bc4 Re8 29. Bxa6 Re6 30. b5 Rh6 31. b6 Nd5 32. Rxe5 dxe5 33. b7 1-0

[Event "Late-Titled-Tuesday-Blitz-September-12-2023"]
[Site "Chess.com"]
[Date "2023.09.12"]
[Round "2"]
[White "AsaHoffmann"]
[Black "WaybackBoy"]
[Result "0-1"]
[WhiteElo "2333"]
[BlackElo "2704"]
[TimeControl "180+1"]
[EndTime "14:16:44 PDT"]
[Termination "WaybackBoy won by resignation"]

1. d4 Nf6 2. Bg5 e6 3. Nd2 d5 4.
e3 Be7 5. Bd3 Nbd7 6. f4 b6 7.
Ngf3 Bb7 8. O-O h6 9. Bh4 g5 10.
fxg5 Ne4 11. Bxe4 dxe4 12. Ne1 hxg5 13. Bg3 c5 14. c3 cxd4 15. cxd4 Rc8 16. Rc1 f5 17.
Nc4 Nf6 18. Be5 Bd5 19. b3 b5 20. Nd2 Rh7 21. Rf2 Ng4 22. Nf1 Nxf2 23. Kxf2 b4 24. g3 a5 25. Kg2 Kf7 26. Nd2 Kg6 27. Nc4 g4 28. Qe2 Bxc4 29. bxc4 Bd6 30. Bxd6 Qxd6 31.
Kg1 Rch8 32. Ng2 Rxh2 33. Nf4+ Qxf4 0-1

[Event "Late-Titled-Tuesday-Blitz-September-12-2023"]
[Site "Chess.com"]
[Date "2023.09.12"]
[Round "2"]
[White "LuisFSiles"]
[Black "SmirnovAlexandrA"]
[Result "0-1"]
[WhiteElo "2373"]
[BlackElo "2629"]
[TimeControl "180+1"]
[EndTime "14:16:44 PDT"]
[Termination "SmirnovAlexandrA won by resignation"]

1. e4 d5 2. exd5 Qxd5 3. Nc3 Qd6 4. d4 Nf6 5. Bd3 a6 6. Nge2 b5 7. Bf4 Qb6 8. Qd2 Bb7 9. f3 Nbd7 10. O-O-O e6 11. Kb1 c5 12. dxc5 Bxc5 13. Ne4 Be7 14. Nxf6+ Nxf6 15. Be5 h6 16. Qf4 O-O-O 17. c4 b4 18. Bc2 Rxd1+ 19. Rxd1 Rd8 20. Rxd8+ Bxd8 21. Qd4 Qxd4 22. Nxd4 Bc7 23. Bxc7 Kxc7 24. Kc1 Nd7 25. Kd2 g6 26. h4 e5 27. Nb3 Kb6 28. Be4 Bxe4 29.
fxe4 f5 30. h5 gxh5 31. exf5 a5 32. Ke3 a4 33. Nd2 Kc5 34. Ke4 h4 35. b3 a3 36. Nf3 Kd6 37. Nxh4 Nc5+ 38. Ke3 Nxb3 39.
g4 Nc1 40. f6 Ke6 41. c5 Nxa2 42. c6 Nc3 43. c7 Nd5+ 44. Ke4 0-1

[Event "Late-Titled-Tuesday-Blitz-September-12-2023"]
[Site "Chess.com"]
[Date "2023.09.12"]
[Round "2"]
[White "MathiasWomacka"]
[Black "laskakid"]
[Result "1-0"]
[WhiteElo "2486"]
[BlackElo "2223"]
[TimeControl "180+1"]
[EndTime "14:16:44 PDT"]
[Termination "MathiasWomacka won by resignation"]

1. e4 e5 2. Nf3 Nc6 3. Bb5 a6 4. Bxc6 dxc6 5. O-O Qf6 6. d4 exd4 7. Bg5 Qd6 8. Nxd4 Be7 9. Bxe7 Nxe7 10. Nc3 Bd7 11. Qd2 O-O-O 12. Qe3 Kb8 13. Rad1 Qf6 14. e5 Qg6 15.
Nce2 c5 16. Nb3 b6 17. Nf4 Qxc2 18. e6 Bxe6 19. Rxd8+ Rxd8 20. Nxe6 fxe6 21. Qxe6 Ng6 22. f4 Qxb2 23. f5 Nh4 24. Qe4 g5 25. g3 c4 26.
gxh4 cxb3 27. axb3 Rd4 28. Qf3 Rxh4 29. f6 Re4 30. Qxe4 Qxb3 31. f7 a5 32. f8=Q+ 1-0